TOP OF THE 1ST |
---|
Gilbert Fire Fighters batting - Pitching for Clearwater Crab People : RHP Mark Curry | Pitching: RHP Mark Curry | | Batting: RHB Raúl Ottoboni | 0-0: Swinging Strike 0-1: Ball 1-1: Ball 2-1: Swinging Strike 2-2: Strikes out swinging | Batting: RHB Juan González | 0-0: Ball 1-0: Foul Ball, location: 2F 1-1: SOLO HOME RUN (Flyball, 7LD), Distance : 375 ft | Batting: RHB Zachary Gadsden | 0-0: Ball 1-0: Reached on error, E3 (Groundball, 3) | Batting: RHB Travis Mchugh | 0-0: SINGLE (Line Drive, 5) Zachary Gadsden to second | Batting: RHB Carlos Canales | 0-0: Swinging Strike 0-1: Ball 1-1: Foul Ball, location: 2F 1-2: Foul Ball, location: 2F 1-2: Ball 2-2: Fly out, F6 (Popup, 6MS) | Batting: LHB Joe Kent | 0-0: Ball 1-0: Ball 2-0: Ground out U3 (Groundball, 34) | Top of the 1st over - 1 run, 2 hits, 1 error, 2 left on base; Gilbert 1 - Clearwater 0 | BOTTOM OF THE 1ST |
---|
Clearwater Crab People batting - Pitching for Gilbert Fire Fighters : RHP Carlos Pérez | Pitching: RHP Carlos Pérez | | Batting: RHB Gerald Hayes | 0-0: Foul Ball, location: 2F 0-1: Ball 1-1: Ball 2-1: Ball 3-1: Base on Balls | Batting: RHB Juan Carlos Cruz | 0-0: Fly out, F9 (Flyball, 89M) | Batting: LHB Ramón Martínez | 0-0: Ball 1-0: Foul Ball, location: 2F 1-1: Foul Ball, location: 2F 1-2: Fly out, F8 (Flyball, 8LM) | Batting: RHB Kevin Hernández | 0-0: Called Strike 0-1: Ball 1-1: Fielders Choice at 2nd, 6-4 (Groundball, 6) | Bottom of the 1st over - 0 runs, 0 hits, 0 errors, 1 left on base; Gilbert 1 - Clearwater 0 | TOP OF THE 2ND |
---|
Gilbert Fire Fighters batting - Pitching for Clearwater Crab People : RHP Mark Curry | Batting: SHB Germán Roseima | 0-0: Foul Ball, location: 2F 0-1: Called Strike 0-2: Fly out, F9 (Flyball, 9S) | Batting: LHB Bill Handy | 0-0: Ball 1-0: Foul Ball, location: 2F 1-1: Ball 2-1: Fly out, F9 (Line Drive, 9) | Batting: LHB Matt Moore | 0-0: Foul Ball, location: 2F 0-1: Fly out, F6 (Popup, 6) | Top of the 2nd over - 0 runs, 0 hits, 0 errors, 0 left on base; Gilbert 1 - Clearwater 0 | BOTTOM OF THE 2ND |
---|
Clearwater Crab People batting - Pitching for Gilbert Fire Fighters : RHP Carlos Pérez | Batting: RHB Ricardo Blanco | 0-0: Foul Ball, location: 2F 0-1: Ball 1-1: Foul Ball, location: 2F 1-2: Ground out 5-3 (Groundball, 5L) | Batting: RHB Terry Davis | 0-0: Ball 1-0: Ball 2-0: Foul Ball, location: 2F 2-1: Swinging Strike 2-2: Strikes out swinging, 2-3 out at first. | Batting: RHB Miguel Gómez | 0-0: Swinging Strike 0-1: Ball 1-1: Ball 2-1: Ball 3-1: Foul Ball, location: 2F 3-2: Strikes out swinging | Bottom of the 2nd over - 0 runs, 0 hits, 0 errors, 0 left on base; Gilbert 1 - Clearwater 0 | TOP OF THE 3RD |
---|
Gilbert Fire Fighters batting - Pitching for Clearwater Crab People : RHP Mark Curry | Batting: RHB Raúl Ottoboni | 0-0: Ball 1-0: SINGLE (Groundball, 6S) (infield hit) | Batting: RHB Juan González | 0-0: Foul Ball, location: 2F 0-1: Foul Ball, location: 2F 0-2: Ball 1-2: Ball 2-2: Ball 3-2: Foul Ball, location: 2F 3-2: Foul Ball, location: 2F 3-2: Fly out, F9 (Flyball, 9) | Batting: RHB Zachary Gadsden | 0-0: Ball 1-0: Ball 2-0: Ball 3-0: Base on Balls Raúl Ottoboni to second | Batting: RHB Travis Mchugh | 0-0: Ball 1-0: Foul Ball, location: 2F 1-1: Swinging Strike 1-2: Foul Ball, location: 2F 1-2: Grounds into double play, 6-4-3 (Groundball, 6M) | Top of the 3rd over - 0 runs, 1 hit, 0 errors, 1 left on base; Gilbert 1 - Clearwater 0 | BOTTOM OF THE 3RD |
---|
Clearwater Crab People batting - Pitching for Gilbert Fire Fighters : RHP Carlos Pérez | Batting: RHB Carlos González | 0-0: Ground out 1-3 (Groundball, 15S) | Batting: RHB Bud Manning | 0-0: Ball 1-0: Called Strike 1-1: Ball 2-1: Foul Ball, location: 2F 2-2: Ground out 6-3 (Groundball, 6) | Batting: RHB Gerald Hayes | 0-0: Called Strike 0-1: Ball 1-1: Fly out, F7 (Flyball, 7LMF) | Bottom of the 3rd over - 0 runs, 0 hits, 0 errors, 0 left on base; Gilbert 1 - Clearwater 0 | TOP OF THE 4TH |
---|
Gilbert Fire Fighters batting - Pitching for Clearwater Crab People : RHP Mark Curry | Batting: RHB Carlos Canales | 0-0: Called Strike 0-1: Ball 1-1: SINGLE (Line Drive, 8RS) | Batting: LHB Joe Kent | 0-0: Called Strike 0-1: Ball 1-1: Ball 2-1: Foul Ball, location: 2F 2-2: Strikes out swinging | Batting: SHB Germán Roseima | 0-0: Ball 1-0: Ball 2-0: Ball 3-0: Called Strike 3-1: Base on Balls Carlos Canales to second | Pitching: RHP Cláudio Delgado | | Batting: LHB Bill Handy | 0-0: Fly out, F6 (Popup, 56D) | Batting: LHB Matt Moore | 0-0: Ball 1-0: Foul Ball, location: 2F 1-1: Foul Ball, location: 2F 1-2: Fly out, F9 (Flyball, 9S) | Top of the 4th over - 0 runs, 1 hit, 0 errors, 2 left on base; Gilbert 1 - Clearwater 0 | BOTTOM OF THE 4TH |
---|
Clearwater Crab People batting - Pitching for Gilbert Fire Fighters : RHP Carlos Pérez | Batting: RHB Juan Carlos Cruz | 0-0: Foul Ball, location: 2F 0-1: Foul Ball, location: 2F 0-2: Ball 1-2: Foul Ball, location: 2F 1-2: Ball 2-2: Strikes out swinging | Batting: LHB Ramón Martínez | 0-0: Ball 1-0: Ball 2-0: Ball 3-0: Called Strike 3-1: Ground out 3-1 (Groundball, 34S) | Batting: RHB Kevin Hernández | 0-0: Called Strike 0-1: Called Strike 0-2: Ball 1-2: SINGLE (Groundball, 6D) | Batting: RHB Ricardo Blanco | 0-0: Ball 1-0: Ball 2-0: Ball 3-0: Called Strike 3-1: Swinging Strike 3-2: 2-RUN HOME RUN (Flyball, 7LD), Distance : 365 ft | Batting: RHB Terry Davis | 0-0: Ball 1-0: Ball 2-0: Called Strike 2-1: Ball 3-1: Base on Balls | Batting: RHB Miguel Gómez | 0-0: Ball 1-0: Called Strike 1-1: Ball 2-1: Ball 3-1: Foul Ball, location: 2F 3-2: SINGLE (Line Drive, 4D) Terry Davis to second Terry Davis to third | Pitching: RHP Arturo Martínez | | Batting: RHB Carlos González | 0-0: Ball 1-0: Foul Ball, location: 2F 1-1: Fielders Choice at 2nd, 5-4 (Groundball, 5) | Bottom of the 4th over - 2 runs, 3 hits, 0 errors, 2 left on base; Gilbert 1 - Clearwater 2 | TOP OF THE 5TH |
---|
Gilbert Fire Fighters batting - Pitching for Clearwater Crab People : RHP Cláudio Delgado | Batting: RHB Raúl Ottoboni | 0-0: Ball 1-0: Foul Ball, location: 2F 1-1: Foul Ball, location: 2F 1-2: Hit by Pitch | Batting: RHB Juan González | 0-0: Ball 1-0: Grounds into double play, 4-6-3 (Groundball, 4) | Batting: RHB Zachary Gadsden | 0-0: Ball 1-0: Foul Ball, location: 2F 1-1: Ball 2-1: Ball 3-1: Foul Ball, location: 2F 3-2: Foul Ball, location: 2F 3-2: Base on Balls | Batting: RHB Travis Mchugh | 0-0: Fielders Choice at 2nd, 6-4 (Groundball, 6) | Top of the 5th over - 0 runs, 0 hits, 0 errors, 1 left on base; Gilbert 1 - Clearwater 2 | BOTTOM OF THE 5TH |
---|
Clearwater Crab People batting - Pitching for Gilbert Fire Fighters : RHP Arturo Martínez | Batting: RHB Bud Manning | 0-0: SINGLE (Groundball, 56D) | Batting: RHB Gerald Hayes | 0-0: Ball 1-0: Called Strike 1-1: Foul Ball, location: 2F 1-2: Strikes out swinging | Batting: RHB Juan Carlos Cruz | 0-0: Ball 1-0: Swinging Strike 1-1: Ball 2-1: Foul Ball, location: 2F 2-2: Foul Ball, location: 2F 2-2: Strikes out looking | Batting: LHB Ramón Martínez | 0-0: Ball 1-0: Ball 2-0: Fly out, F7 (Line Drive, 7) | Bottom of the 5th over - 0 runs, 1 hit, 0 errors, 1 left on base; Gilbert 1 - Clearwater 2 | TOP OF THE 6TH |
---|
Gilbert Fire Fighters batting - Pitching for Clearwater Crab People : RHP Cláudio Delgado | Batting: RHB Carlos Canales | 0-0: Ball 1-0: Foul Ball, location: 2F 1-1: Ground out 5-3 (Groundball, 56S) | Batting: LHB Joe Kent | 0-0: Called Strike 0-1: Ball 1-1: Ball 2-1: Called Strike 2-2: Foul Ball, location: 2F 2-2: SINGLE (Line Drive, 9LS) | Batting: SHB Germán Roseima | 0-0: Swinging Strike 0-1: Ball Wild Pitch! Joe Kent to second 1-1: Foul Ball, location: 2F 1-2: Ball 2-2: Strikes out swinging | Batting: LHB Bill Handy | 0-0: Swinging Strike 0-1: Called Strike 0-2: Ball 1-2: Ball 2-2: Foul Ball, location: 2F 2-2: Foul Ball, location: 2F 2-2: Foul Ball, location: 2F 2-2: Ball 3-2: SINGLE (Groundball, 34D) Joe Kent to third Joe Kent scores | Batting: LHB Matt Moore | 0-0: Called Strike 0-1: Swinging Strike 0-2: Ball 1-2: Foul Ball, location: 2F 1-2: Ground out 4-3 (Groundball, 4) | Top of the 6th over - 1 run, 2 hits, 0 errors, 1 left on base; Gilbert 2 - Clearwater 2 | BOTTOM OF THE 6TH |
---|
Clearwater Crab People batting - Pitching for Gilbert Fire Fighters : RHP Arturo Martínez | Batting: RHB Kevin Hernández | 0-0: Ball 1-0: Called Strike 1-1: Called Strike 1-2: Foul Ball, location: 2F 1-2: Ball 2-2: Strikes out swinging | Batting: RHB Ricardo Blanco | 0-0: Fly out, F3 (Popup, 34S) | Batting: RHB Terry Davis | 0-0: Ball 1-0: Ball 2-0: Called Strike 2-1: Ball 3-1: Base on Balls | Batting: RHB Miguel Gómez | 0-0: Ball 1-0: Swinging Strike 1-1: Foul Ball, location: 2F 1-2: Strikes out looking | Bottom of the 6th over - 0 runs, 0 hits, 0 errors, 1 left on base; Gilbert 2 - Clearwater 2 | TOP OF THE 7TH |
---|
Gilbert Fire Fighters batting - Pitching for Clearwater Crab People : RHP Cláudio Delgado | Batting: RHB Raúl Ottoboni | 0-0: Called Strike 0-1: Swinging Strike 0-2: SINGLE (Groundball, 34D) | Batting: RHB Juan González | 0-0: Ball 1-0: Foul Ball, location: 2F 1-1: Ball 2-1: Ball 3-1: Base on Balls Raúl Ottoboni to second | Batting: RHB Zachary Gadsden | 0-0: Called Strike 0-1: Foul Ball, location: 2F 0-2: Grounds into double play, 1-6-3 (Groundball, 13) Raúl Ottoboni to third | Pinch Hitting: LHB Mark Sanders | 0-0: Ball 1-0: Ball 2-0: Called Strike 2-1: Foul Ball, location: 2F 2-2: Foul Ball, location: 2F 2-2: Ball 3-2: Foul Ball, location: 2F 3-2: Foul Ball, location: 2F 3-2: Foul Ball, location: 2F 3-2: Foul Ball, location: 2F 3-2: Base on Balls | Pitching: RHP Daniele Boccanera | | Batting: RHB Carlos Canales | 0-0: Swinging Strike 0-1: Fly out, F9 (Flyball, 89S) | Top of the 7th over - 0 runs, 1 hit, 0 errors, 2 left on base; Gilbert 2 - Clearwater 2 | BOTTOM OF THE 7TH |
---|
Clearwater Crab People batting - Pitching for Gilbert Fire Fighters : RHP Arturo Martínez | Now at SS: Mark Sanders | | Batting: RHB Carlos González | 0-0: Swinging Strike 0-1: Ball 1-1: Ball 2-1: Swinging Strike 2-2: Ball 3-2: Strikes out swinging | Pinch Hitting: SHB Jesús Pérez | 0-0: Swinging Strike 0-1: Ball 1-1: Swinging Strike 1-2: Ball 2-2: Ball 3-2: Strikes out looking | Batting: RHB Gerald Hayes | 0-0: Hit by Pitch | Batting: RHB Juan Carlos Cruz | 0-0: Called Strike 0-1: Swinging Strike 0-2: Ball 1-2: Ball 2-2: Foul Ball, location: 2F 2-2: Strikes out looking | Bottom of the 7th over - 0 runs, 0 hits, 0 errors, 1 left on base; Gilbert 2 - Clearwater 2 | TOP OF THE 8TH |
---|
Gilbert Fire Fighters batting - Pitching for Clearwater Crab People : RHP Daniele Boccanera | Now at 2B: Jesús Pérez | | Batting: LHB Joe Kent | 0-0: Foul Ball, location: 2F 0-1: Ball 1-1: Ball 2-1: Ball 3-1: Base on Balls | Pinch Hitting: SHB José Salazar | 0-0: Ball 1-0: Called Strike Joe Kent steals 2nd base 1-1: Fly out, F7 (Flyball, 7S) | Batting: LHB Bill Handy | 0-0: Intentional Walk | Batting: LHB Matt Moore | 0-0: Ball 1-0: Fly out, F7 (Flyball, 78S) | Batting: RHB Raúl Ottoboni | 0-0: Ball 1-0: 3-RUN HOME RUN (Flyball, 7LD), Distance : 362 ft | Batting: RHB Juan González | 0-0: Foul Ball, location: 2F 0-1: Called Strike 0-2: Ball 1-2: Ball 2-2: DOUBLE (Groundball, 5L) | Batting: RHB Zachary Gadsden | 0-0: Called Strike 0-1: Ground out 4-3 (Groundball, 4) | Top of the 8th over - 3 runs, 2 hits, 0 errors, 1 left on base; Gilbert 5 - Clearwater 2 | BOTTOM OF THE 8TH |
---|
Clearwater Crab People batting - Pitching for Gilbert Fire Fighters : RHP Arturo Martínez | Pitching: RHP António Serrano | | Now at 3B: José Salazar | | Batting: LHB Ramón Martínez | 0-0: Ball 1-0: Ball 2-0: Foul Ball, location: 2F 2-1: TRIPLE (Flyball, 89XD) | Batting: RHB Kevin Hernández | 0-0: Ball 1-0: Foul Ball, location: 2F 1-1: Foul Ball, location: 2F 1-2: Foul Ball, location: 2F 1-2: SINGLE (Line Drive, 4MD) Ramón Martínez scores | Batting: RHB Ricardo Blanco | 0-0: Ball 1-0: Foul Ball, location: 2F 1-1: Foul Ball, location: 2F 1-2: Foul Ball, location: 2F 1-2: Ball 2-2: DOUBLE (Line Drive, 7LS) Kevin Hernández to third | Batting: RHB Terry Davis | 0-0: Ground out 1-3 (Groundball, P) | Batting: RHB Miguel Gómez | 0-0: Foul Ball, location: 2F 0-1: Ball 1-1: Ball 2-1: Ball 3-1: Base on Balls | Batting: RHB Carlos González | 0-0: Foul Ball, location: 2F 0-1: Foul Ball, location: 2F 0-2: Foul Ball, location: 2F 0-2: Strikes out swinging | Batting: SHB Jesús Pérez | 0-0: Ball 1-0: Swinging Strike 1-1: Swinging Strike 1-2: Ball 2-2: SINGLE (Groundball, 4MD) Kevin Hernández scores Ricardo Blanco to third Miguel Gómez to second Runner from 3rd tries for Home, SAFE, no throw | Pitching: RHP Marc Ivey | | Batting: RHB Gerald Hayes | 0-0: Fielders Choice at 2nd, 6-4 (Groundball, 6) | Bottom of the 8th over - 3 runs, 4 hits, 0 errors, 2 left on base; Gilbert 5 - Clearwater 5 | TOP OF THE 9TH |
---|
Gilbert Fire Fighters batting - Pitching for Clearwater Crab People : RHP Daniele Boccanera | Batting: LHB Mark Sanders | 0-0: Called Strike 0-1: Swinging Strike 0-2: Ball 1-2: Ground out U3 (Groundball, 34) | Batting: RHB Carlos Canales | 0-0: Called Strike 0-1: Ball 1-1: Called Strike 1-2: Foul Ball, location: 2F 1-2: Ball 2-2: Ball 3-2: Foul Ball, location: 2F 3-2: Foul Ball, location: 2F 3-2: Base on Balls | Batting: LHB Joe Kent | 0-0: Called Strike 0-1: Foul Ball, location: 2F 0-2: SINGLE (Flyball, 7S) Carlos Canales to second | Batting: SHB José Salazar | 0-0: Ball 1-0: Called Strike 1-1: Ball 2-1: Grounds into double play, 1-6-3 (Groundball, 13) | Top of the 9th over - 0 runs, 1 hit, 0 errors, 1 left on base; Gilbert 5 - Clearwater 5 | BOTTOM OF THE 9TH |
---|
Clearwater Crab People batting - Pitching for Gilbert Fire Fighters : RHP Marc Ivey | Pinch Hitting: RHB Bobby Burks | 0-0: Ball 1-0: SINGLE (Line Drive, 34D) | Batting: LHB Ramón Martínez | 0-0: Called Strike 0-1: Swinging Strike 0-2: Ball 1-2: Foul Ball, location: 2F 1-2: Ball 2-2: Strikes out swinging | Batting: RHB Kevin Hernández | 0-0: Ball 1-0: Called Strike 1-1: Foul Ball, location: 2F 1-2: SINGLE (Line Drive, 4D) Bobby Burks to second Runner from 2nd tries for 3rd, SAFE, throw made to third | Batting: RHB Ricardo Blanco | 0-0: Fly out, F7 (Flyball, 7) Runner from 3rd tags up, OUT at HOME | Bottom of the 9th over - 0 runs, 2 hits, 0 errors, 1 left on base; Gilbert 5 - Clearwater 5 | TOP OF THE 10TH |
---|
Gilbert Fire Fighters batting - Pitching for Clearwater Crab People : RHP Daniele Boccanera | Now in RF: Bill Cross | | Batting: LHB Bill Handy | 0-0: Ball 1-0: Called Strike 1-1: Ball 2-1: Ball 3-1: Base on Balls | Pitching: RHP C.J. Pinnock | | Batting: LHB Matt Moore | 0-0: Sac Bunt - play at first, batter OUT! 3-4 Bill Handy to second | Batting: RHB Raúl Ottoboni | 0-0: SINGLE (Groundball, 34D) Bill Handy to third Runner from 3rd tries for Home, SAFE, throw made home | Batting: RHB Juan González | 0-0: Ball 1-0: Fly out, F9 (Flyball, 9D) | Batting: RHB Zachary Gadsden | 0-0: Hit by Pitch Raúl Ottoboni to second | Batting: LHB Mark Sanders | 0-0: Called Strike 0-1: Ball 1-1: Swinging Strike 1-2: Foul Ball, location: 2F 1-2: Fly out, F7 (Flyball, 7LD) | Top of the 10th over - 1 run, 1 hit, 0 errors, 2 left on base; Gilbert 6 - Clearwater 5 | BOTTOM OF THE 10TH |
---|
Clearwater Crab People batting - Pitching for Gilbert Fire Fighters : RHP Marc Ivey | Batting: RHB Terry Davis | 0-0: Ground out 6-3 (Groundball, 6) | Batting: RHB Miguel Gómez | 0-0: Ball 1-0: Ball 2-0: Foul Ball, location: 2F 2-1: Ground out 6-3 (Groundball, 6) | Batting: RHB Carlos González | 0-0: Fly out, F7 (Flyball, 7S) | Bottom of the 10th over - 0 runs, 0 hits, 0 errors, 0 left on base; Gilbert 6 - Clearwater 5 | |